Map: Lightshade LE

Players

Dream

  • Race: Terran Terran
  • Spawn Location: 11:00

HeRoMaRinE - Winner!

  • Race: Terran Terran
  • Spawn Location: 5:00

Event: IEM Katowice 2021

VOD

Have the link to the VOD?

Description

Time

  • Played on: Feb. 24, 2021, 12:19 p.m.
  • Length: 11:39

All games in this series

Show
View Real Time Build Order
Export as new Build Order

Dream Terran 

Build Orders:  

Get SALT Encoding   

  12  0:00  SCV  
  13  0:12  SCV  
  14  0:17  Supply Depot  
  14  0:24  SCV  
  15  0:38  SCV  
  15  0:39  Barracks  
  16  0:44  Refinery  
  16  0:50  SCV  
  16  0:52  Refinery  
  17  1:03  SCV  
  18  1:15  SCV  
  19  1:27  Orbital Command  
  19  1:28  Reaper, Supply Depot  
  20  1:42  Factory  
  20  1:52  SCV  
  21  2:00  Barracks Reactor  
  21  2:04  SCV  
  22  2:16  Command Center  
  22  2:19  SCV  
  23  2:26  Hellion  
  25  2:31  SCV  
  26  2:37  Supply Depot  
  26  2:38  Reaper x2  
  26  2:43  SCV  
  29  2:48  Hellion  
  31  2:55  Starport  
  31  2:58  SCV  
  32  3:10  SCV, Marine x2  
  32  3:11  Factory Tech Lab  
  35  3:20  Refinery  
  35  3:22  SCV  
  29  3:27  Marine x2  
  29  3:31  Cyclone  
  34  3:35  Medivac  
  36  3:46  Marine x2  
  36  3:48  Orbital Command  
  37  3:52  SCV  
  37  4:04  SCV, Marine  
  37  4:05  Marine  
  37  4:06  Siege Tank  
  42  4:11  Starport Tech Lab  
  42  4:15  SCV  
  42  4:16  SCV  
  44  4:22  Marine  
  44  4:23  Marine  
  46  4:27  SCV  
  46  4:28  SCV  
  46  4:29  Raven  
  47  4:39  SCV  
  47  4:40  SCV, Marine x2  
  47  4:46  Siege Tank  
  47  4:51  SCV  
  47  4:52  SCV  
  52  4:54  Supply Depot  
  52  4:56  Supply Depot  
  52  5:00  Marine x2  
  54  5:15  Raven, SCV x2  
  54  5:20  Siege Tank  
  61  5:27  SCV x2  
  63  5:29  Marine x2  
  62  5:39  SCV x2  
  64  5:46  Command Center  
  64  5:50  Refinery  
  64  5:54  SCV x2  
  66  6:01  Supply Depot  
  66  6:03  Supply Depot  
  66  6:06  SCV x2  
  66  6:11  Viking  
  70  6:23  SCV x2, Viking  
  74  6:26  Supply Depot  
  74  6:35  SCV x2  
  74  6:36  Siege Tank  
  74  6:38  Barracks  
  77  6:45  Viking  
  79  6:47  SCV x2  
  79  6:52  Engineering Bay  
  79  6:53  Viking  
  83  6:54  Engineering Bay  
  83  7:00  Orbital Command  
  83  7:01  SCV x2  
  85  7:04  Barracks  
  85  7:15  Viking  
  87  7:16  SCV x2  
  87  7:19  Siege Tank, Orbital Command  
  87  7:21  Marine  
  95  7:34  Barracks Reactor  
  95  7:35  Supply Depot  
  91  7:48  Barracks Reactor  
  85  7:54  Barracks Tech Lab  
  85  7:56  SCV x2  
  87  7:59  Starport Reactor, Barracks Reactor  
  87  8:08  SCV  
  87  8:09  SCV  
  87  8:11  Marine x2  
  86  8:14  Marine  
  86  8:15  Orbital Command  
  86  8:18  Siege Tank  
  88  8:20  Stimpack  
  88  8:21  Terran Infantry Weapons Level 1, Terran Infantry Armor Level 1  
  88  8:23  SCV x2  
  88  8:26  Barracks  
  88  8:27  Barracks  
  90  8:28  Marine  
  91  8:35  SCV x2  
  91  8:36  Refinery  
  91  8:38  Refinery  
  91  8:41  SCV  
  94  8:42  Sensor Tower  
  94  8:47  SCV x2  
  96  8:48  Medivac  
  96  8:50  Viking  
  96  8:52  Supply Depot  
  96  8:53  SCV  
  101  8:59  SCV  
  101  9:00  SCV  
  103  9:04  Marine  
  103  9:05  Marine x2  
  108  9:10  Supply Depot  
  108  9:11  Supply Depot  
  108  9:14  Barracks Reactor x2  
  108  9:16  SCV, Command Center  
  108  9:17  SCV  
  107  9:20  SCV  
  106  9:28  SCV, Marine x2  
  106  9:30  Marine x3  
  101  9:35  Siege Tank  
  101  9:37  Medivac x2  
  96  9:40  SCV  
  96  9:41  SCV  
  97  9:46  Marine x2  
  97  9:48  Marine x3  
  97  9:51  Marine  
  97  9:52  Marine  
  102  9:53  Marine  
  102  9:55  Marine  
  101  10:00  Combat Shield  
  101  10:03  Marine  
  101  10:04  Marine  
  101  10:06  Marine x2  
  102  10:08  Marine, Siege Tank  
  102  10:09  Marine x2  
  102  10:10  Marine  
  102  10:13  Marine  
Show
View Real Time Build Order
Export as new Build Order

HeRoMaRinE Terran - Winner!

Build Orders:  

Get SALT Encoding   

  12  0:00  SCV  
  13  0:12  SCV  
  14  0:17  Supply Depot  
  14  0:24  SCV  
  15  0:38  SCV  
  15  0:40  Barracks  
  16  0:43  Refinery  
  16  0:50  SCV  
  16  0:53  Refinery  
  17  1:02  SCV  
  18  1:14  SCV  
  19  1:27  Reaper, Orbital Command  
  19  1:29  Supply Depot  
  20  1:42  Factory  
  20  1:53  SCV  
  21  1:59  Reaper  
  22  2:05  SCV  
  23  2:17  Command Center  
  23  2:21  SCV  
  24  2:27  Hellion  
  26  2:31  Reaper  
  26  2:33  SCV  
  28  2:37  Supply Depot  
  28  2:45  SCV  
  28  2:48  Hellion  
  31  2:53  Starport  
  31  2:59  SCV  
  31  3:04  Barracks Reactor  
  32  3:11  SCV, Factory Tech Lab  
  33  3:17  Refinery  
  33  3:23  SCV  
  33  3:29  Orbital Command  
  33  3:31  Starport Tech Lab, Cyclone  
  36  3:35  SCV  
  37  3:42  Marine  
  37  3:43  Marine  
  37  3:47  SCV  
  40  3:54  Raven  
  40  3:56  SCV  
  40  3:57  Supply Depot  
  40  3:59  SCV  
  40  4:00  Marine  
  43  4:08  SCV, Marine  
  45  4:11  SCV, Siege Tank  
  49  4:18  Marine  
  49  4:20  SCV  
  49  4:22  Supply Depot  
  49  4:23  SCV  
  52  4:26  Marine  
  53  4:32  SCV  
  53  4:35  SCV  
  53  4:36  Marine  
  53  4:37  Raven  
  58  4:44  Marine  
  58  4:45  SCV  
  55  4:48  SCV  
  55  4:49  Siege Tank  
  57  4:54  Marine  
  57  4:57  SCV  
  57  4:59  Command Center  
  59  5:00  SCV  
  59  5:02  Marine  
  61  5:07  Supply Depot  
  61  5:09  SCV  
  61  5:12  SCV  
  61  5:14  Refinery  
  63  5:21  SCV, Siege Tank  
  67  5:24  SCV  
  67  5:33  SCV  
  68  5:36  SCV  
  68  5:42  Stimpack, Barracks x2  
  69  5:43  Viking x2  
  69  5:45  SCV  
  69  5:47  Supply Depot  
  69  5:48  SCV  
  74  5:53  Siege Tank  
  76  5:57  SCV  
  76  6:00  SCV  
  76  6:02  Engineering Bay  
  76  6:03  Engineering Bay  
  76  6:04  Marine  
  78  6:15  Orbital Command  
  78  6:17  Viking  
  79  6:19  Viking  
  79  6:20  SCV  
  79  6:23  SCV  
  83  6:32  SCV  
  83  6:33  Barracks Reactor  
  83  6:34  Barracks Reactor  
  83  6:35  SCV, Siege Tank  
  83  6:39  Terran Infantry Weapons Level 1  
  84  6:42  Orbital Command  
  84  6:45  SCV  
  85  6:47  SCV, Marine  
  87  6:54  Viking x2  
  87  6:57  SCV, Supply Depot x2  
  87  6:59  SCV  
  93  7:05  Marine  
  93  7:07  Barracks  
  94  7:09  Terran Infantry Armor Level 1  
  94  7:10  Barracks  
  94  7:12  Marine  
  94  7:14  Marine, Siege Tank  
  99  7:16  Marine x2  
  99  7:19  SCV x2  
  99  7:21  SCV  
  104  7:26  Viking  
  104  7:27  Marine  
  107  7:30  Marine  
  107  7:32  Marine  
  107  7:33  Marine  
  107  7:34  Marine  
  111  7:37  Viking  
  111  7:45  SCV, Marine  
  111  7:46  SCV, Supply Depot  
  111  7:47  SCV  
  111  7:51  Marine x2  
  111  7:56  Viking  
  111  7:57  SCV  
  116  7:58  SCV  
  116  8:04  SCV, Supply Depot, Siege Tank  
  117  8:07  Refinery x2, Viking  
  117  8:09  SCV  
  117  8:10  SCV  
  117  8:11  Marine x2  
  117  8:12  Marine x2  
  114  8:16  SCV, Marine  
  116  8:20  Barracks Reactor x2  
  116  8:21  Combat Shield  
  116  8:22  SCV  
  116  8:23  SCV  
  116  8:26  Supply Depot  
  118  8:29  Marine, Armory  
  118  8:32  Marine x2  
  121  8:35  Marine  
  121  8:36  Marine  
  121  8:38  Sensor Tower  
  123  8:47  Marine  
  126  8:49  Marine x2, Supply Depot  
  126  8:53  Marine x2  
  127  8:57  Medivac x2  
  127  8:58  Marine x3  
  127  8:59  Marine  
  133  9:04  Marine  
  133  9:05  Siege Tank  
  133  9:07  Marine x2  
  139  9:11  Marine x2  
  139  9:16  Command Center, Marine  
  141  9:18  Marine x2  
  141  9:20  Marine  
  141  9:22  Marine  
  144  9:25  Marine x2  
  144  9:27  Medivac x2  
  144  9:29  Marine  
  145  9:33  Marine x2  
  145  9:36  Marine x2  
  149  9:38  Factory  
  149  9:46  Marine  
  149  9:49  Marine x2  
  149  9:50  Marine x2  
  149  9:52  Marine  
  148  9:55  Marine  
  148  9:56  Supply Depot  
  148  9:57  Medivac x2, Supply Depot  
  147  10:01  Marine x2  
  147  10:04  Marine  
  146  10:07  Marine x3  
  146  10:10  SCV x2  
  146  10:11  SCV  

Tags
 
Add a new tag
Caveats
  • Supply blocks, unpowered buildings, or Contaminate may cause inaccurate times.
  • Supply counts are checked every 10 seconds.